 Dungeon Crawl Stone Soup version 0.32-a0-599-gba8f9cf90e (webtiles) character file.

Game seed: 9068433793638069854

70 NormalPerson7 the Apothecary (level 4, 30/30 HPs)
             Began as a Demonspawn Alchemist on Mar 2, 2024.
             Was an Initiate of Ashenzari.
             Quit the game on level 5 of the Dungeon.
             The game lasted 00:15:00 (2649 turns).

NormalPerson7 the Apothecary (Demonspawn Alchemist) Turns: 2649, Time: 00:15:00

Health: 30/30      AC:  2    Str:  8    XL:     4   Next: 3%
Magic:  7/7        EV: 12    Int: 17    God:    Ashenzari [......]
Gold:   55         SH:  0    Dex: 14    Spells: 1/7 levels left

rFire   . . .        o - +2 dagger (venom)
rCold   + . .        (no shield)
rNeg    . . .        a - +0 robe
rPois   .            (no helmet)
rElec   .            (no cloak)
rCorr   +            (no gloves)
SInv    .            (no boots)
Will    .....        (no amulet)
Stlth   ++           C - ring of protection from cold
HPRegen 0.25/turn    c - ring of resist corrosion
MPRegen 0.10/turn

%: no passive effects
@: wreathed by umbra
A: foul shadow 1
a: Renounce Religion


You were on level 5 of the Dungeon.
You worshipped Ashenzari.
Ashenzari was noncommittal.
You visited 1 branch of the dungeon, and saw 5 of its levels.

You collected 55 gold pieces.

Inventory:

Hand Weapons
 n - the +6 war axe of Seurgh {freeze, rF+ MP+9 Str+2}
   (You found it on level 6 of the Dungeon)

   Str+2:     It affects your strength (+2).
   rF+:       It protects you from fire.
   MP+9:      It affects your magic capacity (+9).
 o - a +2 dagger of venom (weapon)
Missiles
 g - 7 boomerangs (quivered)
 j - 4 stones
Armour
 a - a +0 robe (worn)
Jewellery
 c - a ring of resist corrosion (right hand)
 C - a ring of protection from cold (left hand)
Talismans
 f - a beast talisman
Scrolls
 d - a scroll of fear {unknown}
 h - a scroll of amnesia {unknown}
 t - 3 scrolls of teleportation
Potions
 b - a potion of magic
 e - a potion of curing {unknown}
 i - a potion of attraction {unknown}
 k - a potion of lignification {unknown}
 l - a potion of might {unknown}
 m - 2 potions of degeneration {unknown}


   Skills:
 - Level 1.7 Dodging
 - Level 1.7 Stealth
 - Level 2.0 Spellcasting
 + Level 3.0 Conjurations
 - Level 2.0 Air Magic
 - Level 3.0 Alchemy


You had one spell level left.
You knew the following spells:

 Your Spells              Type           Power      Damage    Failure   Level
a - Sting                 Conj/Alch      48%        1d6       5%          1
c - Mephitic Cloud        Conj/Alch/Air  10%        N/A       19%         3
v - Mercury Vapours       Alch/Air       20%        N/A       11%         2

Your spell library contained the following spells:

 Spells                   Type           Power      Damage    Failure   Level
 Gell's Gravitas          Tloc           1%         N/A       50%         3
 Teleport Other           Tloc           1%         N/A       50%         3
 Volatile Blastmotes      Fire/Tloc      2%         2d10      50%         3
 Fulminant Prism          Conj/Alch      6%         3d7       50%         4
 Olgreb's Toxic Radiance  Alch           11%        N/A       50%         4
 Iskenderun's Mystic Bla  Conj/Tloc      6%         2d4       71%         4
 Sticky Flame             Fire/Alch      6%         2d4       71%         4
 Dispersal                Tloc           0%         N/A       100%        6


Dungeon Overview and Level Annotations

Branches:
Dungeon (6/15)
 Temple: D:4-7

Altars:
Ashenzari


Innate Abilities, Weirdness & Mutations

You are faintly shadowed, very rarely releasing foul flame when damaged in melee.


Message History

A malevolent force fills the Dungeon...
You fall into a shaft and drop 3 floors!
The shaft crumbles and collapses.
Found a yellow potion and 2 boomerangs.
An ogre comes into view. It is wielding a +0 giant spiked club.
You see here 2 boomerangs.
Unknown command.
Unknown command.
g - 7 boomerangs (gained 2) Unknown command.
Unknown command.
A centaur comes into view.
Unknown command.
Unknown command.
Okay, then.
Unknown command.
Unknown command.
Unknown command.
Unknown command.
Unknown command.
Unknown command.
Unknown command.
The ogre shouts!
Found a whip.
e - a yellow potion
Found a stone staircase leading up.
Found a polished war axe.
There is a stone staircase leading up here.
Press: ? - help, v - describe, . - travel, g - get item Item here: a polished war axe.
The floor.
This square is wreathed by an umbra.
You see here the +6 war axe of Seurgh {freeze, rF+ MP+9 Str+2}.
n - the +6 war axe of Seurgh {freeze, rF+ MP+9 Str+2}
There is a stone staircase leading up here.
Welcome back, NormalPerson7 the Demonspawn Alchemist.
Ashenzari says: Partake of my vision.
Partake of my curse.
Press ? for a list of commands and other information.
Unknown command.
Are you sure you want to abandon this character and quit the game? (Confirm with "yes".)

######
......#
o......
.......
.....##
###....####.#
#..........#
#...@# #....#
#.?..# #....#
......#
>......#
######..#
...#


You could see an orc.

Vanquished Creatures
  2 adders (D:2)
  2 dart slugs
  2 bats (D:1)
  5 endoplasms
  4 giant cockroaches
  8 goblins
  6 hobgoblins
  2 jackals (D:1)
  5 ball pythons
  2 kobolds (D:1)
  4 rats
42 creatures vanquished.

Notes
Turn   | Place    | Note
-------+----------+-------------------------------------------
     0 | D:1      | NormalPerson7 the Demonspawn Alchemist began the quest for
                  | the Orb.
     0 | D:1      | Reached XP level 1. HP: 13/13 MP: 3/3
    71 | D:1      | Reached skill level 1 in Air Magic
   273 | D:1      | Gained mutation: You are faintly shadowed, very rarely
                  | releasing foul flame when damaged in melee. [demonic
                  | ancestry]
   273 | D:1      | Reached XP level 2. HP: 19/19 MP: 3/5
   358 | D:1      | Learned a level 2 spell: Mercury Vapours
  1565 | D:2      | Reached XP level 3. HP: 24/24 MP: 2/6
  1569 | D:2      | Learned a level 3 spell: Mephitic Cloud
  2541 | D:3      | Reached XP level 4. HP: 30/30 MP: 3/7
  2596 | D:3      | Found a broken altar of Ashenzari.
  2613 | D:3      | Became a worshipper of Ashenzari the Shackled
  2626 | D:3      | You fall into a shaft and drop 3 floors!
  2628 | D:6      | Noticed an ogre
  2630 | D:6      | Noticed a centaur
  2644 | D:6      | Identified the +6 war axe of Seurgh {freeze, rF+ MP+9
                  | Str+2}
  2648 | D:5      | Entered Level 5 of the Dungeon
  2649 | D:5      | Upgraded the game from 0.32-a0-585-gef4fe23122 to
                  | 0.32-a0-599-gba8f9cf90e
  2649 | D:5      | Quit the game

Illustrated notes

Levels and vault maps discovered:
D:1:      shiori_angband_town, layout_basic, corexii_hall_statues_l,
          kennysheep_decorative_pillar
D:2:      layout_basic
D:3:      minmay_door_path, layout_rooms, ashenzari_conservatory_becter,
          cheibrodos_worm_habitat, ebering_dispersal_statue_hall
D:5:      old_forge, layout_loops_ring, mainiacjoe_overflow_catwalk
D:6:      layout_loops_ring, makhleb_heckhound_becter, temple_hall

Skill      XL: |  1  2  3 |
---------------+----------+-----
Air Magic      | 1 2 |  2.0
Conjurations   | 3 |  3.0
Dodging        | |  1.7
Stealth        | |  1.7
Spellcasting   | |  2.0
Alchemy        | |  3.0

Action                     |  1- 3 |  4- 6 || total
---------------------------+-------+-------++-------
  Melee: Dagger            |    11 |       ||    11
  Throw: Boomerang         |    12 |       ||    12
   Cast: Sting             |    52 |     3 ||    55
         Mercury Vapours   |     6 |       ||     6
    Use: Scroll            |     1 |       ||     1
 Armour: Robe              |     7 |     3 ||    10
  Dodge: Dodged            |    11 |     1 ||    12

Table legend: (Time is in decaauts)
 A = Elapsed time spent in this place.
 B = Non-inter-level travel time spent in this place.
 C = Inter-level travel time spent in this place.
 D = Time resting spent in this place.
 E = Time spent auto-exploring this place.
 F = Levels seen in this place.
 G = Mean time per level.
                   A        B        C        D        E       F      G
               +--------+--------+--------+--------+--------+-----+--------+
         Total |   2651 |   2000 |    651 |    681 |    183 |   5 |  530.2 |
       Dungeon |   2651 |   2000 |    651 |    681 |    183 |   5 |  530.2 |
               +--------+--------+--------+--------+--------+-----+--------+

Top non-repeatable levels by time:
     D:1: 1517 daAuts
     D:2: 1004 daAuts
     D:3: 107 daAuts
     D:6: 21 daAuts
     D:5: 0 daAuts
